 Dungeon Crawl Stone Soup version 0.30-a0-721-ga6a225cb13 (webtiles) character file.

Game seed: 8425489094670358518

17960 sanka the Fighter (level 12, -6/118 HPs)
             Began as an Ogre Transmuter on Jan 18, 2023.
             Was a Priest of Ru.
             Succumbed to a redback's poison
             ... on level 2 of the Lair of Beasts on Jan 27, 2023.
             The game lasted 00:35:26 (18175 turns).

sanka the Fighter (Ogre Transmuter)                Turns: 18175, Time: 00:35:26

Health: -6/118     AC:  6    Str: 17    XL:     12   Next: 53%
Magic:  12/16      EV: 11    Int: 24    God:    Ru [***...]
Gold:   2064       SH:  0    Dex:  9    Spells: 2/17 levels left

rFire   . . .      SeeInvis .      - Unarmed
rCold   + . .      Faith    +    (shield currently unavailable)
rNeg    . . .      Spirit   .    R - +2 robe {rC+}
rPois   .          Reflect  .    Q - +0 hat
rElec   .          Harm     .    y - +0 cloak
rCorr   .          Rampage  .    (gloves unavailable)
Will    +....                    (boots unavailable)
Stlth   +                        T - amulet of faith
HPRegen 0.39/turn                o - +6 ring of intelligence
MPRegen 0.15/turn                r - +4 ring of slaying

@: lethally poisoned (-6 -> -53), blade hands (expiring), attractive
A: large, unfitting armour, frail 1, tough skin 1, inability to use devices
a: End Transformation, Renounce Religion, Draw Out Power


You were on level 2 of the Lair of Beasts.
You worshipped Ru.
Ru was most pleased with you.
You had blades for hands.
You visited 3 branches of the dungeon, and saw 14 of its levels.
You also visited: Ossuary.

You collected 2134 gold pieces.
You spent 70 gold pieces at shops.


Innate Abilities, Weirdness & Mutations

You have blades for hands.
Your spellcasting is less reliable in this form.
You are incapable of wielding weapons or throwing items.
You are too large for most types of armour.
You are frail. (-10% HP)
You have tough skin. (AC +1)
You cannot study or use magical devices.


   Skills:
 + Level 12.0 Fighting
 - Level 8.0 Dodging
 + Level 11.0 Unarmed Combat
 - Level 3.0 Spellcasting
 - Level 10.0 Transmutations
 - Level 2.0 Ice Magic
 - Level 2.0 Poison Magic


You had 2 spell levels left.
You knew the following spells:

 Your Spells              Type           Power      Damage    Failure   Level
c - Ice Form              Ice/Tmut       32%        N/A       43%         4
v - Blade Hands           Tmut           25%        N/A       32%         5
x - Spider Form           Tmut/Pois      32%        N/A       24%         3
y - Wereblood             Tmut           51%        N/A       10%         2
z - Beastly Appendage     Tmut           100%       N/A       9%          1

Your spell library contained the following spells:

 Spells                   Type           Power      Damage    Failure   Level
 Poisonous Vapours        Pois/Air       16%        N/A       47%         2
 Static Discharge         Conj/Air       6%         2-3/arc   56%         2
 Ozocubu's Armour         Ice            13%        N/A       54%         3
 Summon Guardian Golem    Hex/Summ       3%         N/A       75%         3
 Swiftness                Air            3%         N/A       75%         3
 Animate Armour           Summ/Erth      6%         N/A       96%         4
 Metabolic Englaciation   Hex/Ice        4%         N/A       99%         5
 Iron Shot                Conj/Erth      1%         9d1       100%        6
 Simulacrum               Ice/Necr       4%         N/A       100%        6

Inventory:

Missiles
 A - a throwing net {=f}
 U - 9 large rocks {=f}
Armour
 a - a +0 robe
 y - a +0 cloak (worn)
 H - a +0 troll leather armour
 Q - a +0 hat (worn)
 R - a +2 robe of cold resistance (worn)
Magical Staves
 b - a staff of poison (melded)
 v - a staff of air
 D - a staff of cold
Jewellery
 o - a +6 ring of intelligence (left blade hand)
 r - a +4 ring of slaying (right blade hand)
 s - a +6 ring of intelligence
 z - a ring of fire
 N - a ring of poison resistance
 P - an amulet of the acrobat
 S - a ring of ice
 T - an amulet of faith (around neck)
Scrolls
 c - a scroll of summoning {unknown}
 d - 3 scrolls of fear
 i - 3 scrolls of magic mapping
 j - a scroll of torment {!r}
 l - 2 scrolls of vulnerability {!r}
 q - a scroll of fog
 t - 3 scrolls of immolation {!r}
 u - a scroll of teleportation {@r4}
 C - a scroll of enchant armour
 F - 3 scrolls of amnesia
 G - a scroll of noise {unknown}
 I - a scroll of silence {!r}
 M - 2 scrolls of blinking
 O - a scroll of enchant weapon
 V - a scroll of identify {@r1}
Potions
 e - 3 potions of heal wounds {unknown}
 f - 8 potions of attraction {!q}
 g - 2 potions of magic {unknown}
 h - 2 potions of cancellation {unknown}
 k - 4 potions of might
 m - 7 potions of flight {unknown}
 n - 6 potions of ambrosia {unknown}
 p - 4 potions of brilliance {unknown}
 w - 4 potions of curing {unknown}
 x - a potion of invisibility {unknown}
 B - 13 potions of degeneration {!q}
 E - 3 potions of lignification {!q}
 J - 5 potions of haste {@q3}
 K - a potion of resistance {unknown}
 W - a potion of mutation {unknown}

Dungeon Overview and Level Annotations

Branches:
Dungeon (11/15)            Temple (1/1) D:5            Lair (2/5) D:9
    Orc (0/2) D:10        Ossuary (visited)
  Swamp: Lair:2-3    Shoals: Lair:2-3     Snake: Lair:2-3    Spider: Lair:2-3

Altars:
Ashenzari
Cheibriados
Dithmenos
Elyvilon
Fedhas
Gozag
Hepliaklqana
Kikubaaqudgha
Makhleb
Nemelex Xobeh
Okawaru
Qazlal
Ru
Sif Muna
Trog
Uskayaw
Vehumet
Wu Jian
Xom
Yredelemnul
Zin
The Shining One

Shops:
D:2 ?   D:5 :   D:10 (

Annotations:
D:9 2 transporters, Athor's ghost, journeyman FoFi

▒▒ ▒▒ ▒†▒s▒ ▒▒
▒▒ ▒▒O▒▒▒.▒ ▒▒▒
▒^▒ ▒.▒.▒^▒▒
▒Pf▒ ▒.▒▒▒.▒.▒^▒
... ▒.▒...▒.▒
▒.. ▒.....▒▒▒▒.▒
▒.▒▒▒▒...▒▒▒▒.▒
............†.▒
▒
▒.▒.▒.▒▒..▒▒▒.▒▒
[▒ ...▒..▒▒▒
▒▒.▒▒ .▒


You could see a redback (corona).


Message History

You barely miss the culicivora.
The culicivora is almost dead.
You feel very sick. The culicivora bites you!
* * * LOW HITPOINT WARNING * * *
The culicivora draws strength from your injuries!
The redback bites you.
* * * LOW HITPOINT WARNING * * *
You focus your inner power and illuminate the redback in retribution!
You slash the culicivora!
You kill the culicivora!
Your transformation is almost over.
You feel very sick. The redback bites you!
* * * LOW HITPOINT WARNING * * *
The redback bites you.
* * * LOW HITPOINT WARNING * * *
Your Fighting skill increases to level 12!
Unknown command.
You hit the redback.
The redback is lightly wounded.
* * * LOW HITPOINT WARNING * * *
You feel very sick. The redback bites you!
* * * LOW HITPOINT WARNING * * *
You are more poisoned.
The redback poisons you!
It was a potion of attraction.
You feel attractive to monsters.
You die...

Action                     |  1- 3 |  4- 6 |  7- 9 | 10-12 || total
---------------------------+-------+-------+-------+-------++-------
  Melee: Unarmed           |   129 |   123 |   218 |   404 ||   874
         Headbutt          |    12 |     1 |     1 |       ||    14
         Kick              |    15 |     7 |     1 |       ||    23
         Staff             |       |       |    20 |     7 ||    27
         Punch             |       |       |     3 |     1 ||     4
   Cast: Beastly Appendage |    32 |    11 |     1 |       ||    44
         Spider Form       |     1 |    14 |    37 |    49 ||   101
         Wereblood         |       |     1 |     7 |    11 ||    19
         Blade Hands       |       |       |       |     2 ||     2
 Invoke: Sacrifice Artific |       |       |       |     1 ||     1
         Sacrifice Health  |       |       |       |     1 ||     1
Ability: End Transformatio |       |       |       |     1 ||     1
  Evoke: Wand              |       |       |     5 |     1 ||     6
    Use: Scroll            |       |     5 |     1 |     9 ||    15
         Potion            |       |       |       |     1 ||     1
   Stab: Sleeping          |       |       |     2 |       ||     2
         Invisible         |       |       |       |     2 ||     2
         Confused          |       |       |       |     1 ||     1
 Armour: Robe              |    40 |     9 |     2 |     7 ||    58
         Skin              |       |     4 |     9 |     9 ||    22
         Troll leather arm |       |       |       |     2 ||     2
  Dodge: Dodged            |    49 |    59 |   166 |   337 ||   611

Levels and vault maps discovered:
D:1:      dpeg_arrival_rooms_c, layout_basic, chequers_serial_rivers_micro_c,
          minmay_heptomino_d4
D:2:      layout_basic, serial_shops, shop, nicolae_shop_window_shopping,
          ebering_ecumenical_altar_webs, uniq_natasha
D:3:      layout_loops_ring, uniq_crazy_yiuf_cottage
D:4:      layout_cave_pools, kennysheep_mini_moat, minmay_crystal_water,
          uniq_menkaure, uniq_edmund, uniq_ijyb
D:5:      layout_gridville, minmay_temple_entry_tees, serial_shops, shop_statue
D:6:      layout_basic, chequers_avenue
D:7:      layout_rooms, enter_ossuary_2, solitary_fountain,
          minmay_misc_feat_diagonals
D:8:      layout_rooms, trog_ov_bears_minmay, gammafunk_temple_overflow_wave,
          uniq_pikel, uniq_maggie
D:9:      layout_loops_ring, amethyst_overflow_temple_binary,
          kennysheep_little_box, minmay_lair_entry_lava,
          gammafunk_ghost_wrathful_warriors
D:10:     layout_basic, nicolae_gozag_cash_rules_everything_around_me,
          erik_orc_1, nicolae_shop_firing_range, uniq_lodul
D:11:     layout_cave_pods, uniq_nergalle, uniq_fannar
Temple:   minmay_temple_curvy_branch
Lair:1:   layout_small_grid, chequers_serial_rivers_room_b,
          chequers_serial_rivers_small_3, pdpol_lair_cavern_descent,
          lemuel_fruit_tree
Lair:2:   layout_loops_ring, minmay_shoals_entry_hut,
          nicolae_spider_entry_tight_spaces, gammafunk_ghost_split,
          pdpol_lair_cabin_in_the_woods

Notes
Turn   | Place    | Note
-------+----------+-------------------------------------------
     0 | D:1      | sanka the Ogre Transmuter began the quest for the Orb.
     0 | D:1      | Reached XP level 1. HP: 19/19 MP: 3/3
   155 | D:1      | Reached skill level 2 in Transmutations
   193 | D:1      | Reached XP level 2. HP: 27/27 MP: 3/5
   213 | D:1      | Learned a level 2 spell: Wereblood
   512 | D:1      | Reached skill level 3 in Spellcasting
   867 | D:1      | Reached XP level 3. HP: 33/33 MP: 5/7
   888 | D:1      | Learned a level 3 spell: Spider Form
  1223 | D:2      | Found a faded altar of an unknown god.
  1325 | D:2      | Found Juaril's Antique Armour Shoppe.
  1336 | D:2      | Reached skill level 3 in Transmutations
  1565 | D:2      | Found Afoapimyj's Magic Scroll Emporium.
  1590 | D:2      | Reached skill level 1 in Poison Magic
  1717 | D:2      | Noticed Natasha
  1733 | D:2      | Killed Natasha
  1734 | D:2      | Reached XP level 4. HP: 41/41 MP: 1/8
  2135 | D:2      | Noticed Natasha
  2140 | D:2      | Killed Natasha
  2141 | D:2      | Reached skill level 2 in Poison Magic
  2141 | D:2      | Reached XP level 5. HP: 41/48 MP: 5/9
  2315 | D:2      | Noticed Natasha
  2332 | D:2      | Killed Natasha
  2493 | D:2      | Bought a scroll of teleportation for 30 gold pieces
  2493 | D:2      | Bought a scroll of identify for 20 gold pieces
  2497 | D:2      | Bought a scroll of identify for 20 gold pieces
  2578 | D:3      | Reached skill level 4 in Transmutations
  3250 | D:3      | Reached skill level 3 in Unarmed Combat
  3563 | D:3      | Reached skill level 2 in Fighting
  3795 | D:3      | Found a runed translucent door.
  3796 | D:3      | Noticed Crazy Yiuf
  3839 | D:3      | Killed Crazy Yiuf
  3840 | D:3      | Reached XP level 6. HP: 39/59 MP: 6/10
  4133 | D:4      | Reached skill level 3 in Fighting
  4180 | D:4      | Reached skill level 4 in Unarmed Combat
  4332 | D:4      | Found a glowing silver altar of Zin.
  4339 | D:4      | Noticed Ijyb
  4357 | D:4      | Killed Ijyb
  4497 | D:4      | Noticed Edmund
  4502 | D:4      | Noticed Menkaure
  4600 | D:4      | Killed Edmund
  4601 | D:4      | Reached skill level 4 in Fighting
  4601 | D:4      | Reached XP level 7. HP: 28/70 MP: 4/11
  4885 | D:4      | Reached skill level 5 in Unarmed Combat
  5183 | D:4      | Killed Menkaure
  5318 | D:5      | Entered Level 5 of the Dungeon
  5422 | D:5      | Found Ririocef's Book Emporium.
  5435 | D:5      | Reached skill level 5 in Fighting
  5501 | D:5      | Found a staircase to the Ecumenical Temple.
  5522 | D:5      | Reached skill level 6 in Unarmed Combat
  5522 | D:5      | Reached XP level 8. HP: 75/83 MP: 8/12
  5932 | D:5      | Got Hyaxt's Volume of Fulgurous Formation
  6313 | D:5      | Reached skill level 6 in Fighting
  6721 | D:6      | Reached skill level 7 in Unarmed Combat
  6864 | D:6      | Reached skill level 7 in Fighting
  7713 | D:7      | Reached skill level 8 in Unarmed Combat
  7713 | D:7      | Reached XP level 9. HP: 52/93 MP: 10/13
  7963 | D:7      | Reached skill level 8 in Fighting
  7972 | D:7      | Found a sand-covered staircase.
  7977 | Ossuary  | Entered an ossuary
  8865 | Ossuary  | Reached skill level 9 in Unarmed Combat
  9082 | Temple   | Entered the Ecumenical Temple
  9351 | Temple   | Became a worshipper of Ru the Awakened
  9496 | D:7      | Reached skill level 9 in Fighting
  9834 | D:8      | Noticed Pikel
  9855 | D:7      | Killed Pikel
  9964 | D:8      | Noticed a two-headed ogre
  9971 | D:8      | Noticed a two-headed ogre
  9972 | D:8      | Killed a two-headed ogre
  9973 | D:8      | Reached skill level 10 in Fighting
  9973 | D:8      | Reached skill level 10 in Unarmed Combat
  9973 | D:8      | Reached skill level 3 in Dodging
  9973 | D:8      | Reached XP level 10. HP: 73/110 MP: 9/14
  9978 | D:8      | Reached skill level 4 in Dodging
  9979 | D:8      | Identified +0 swamp dragon scales
  9979 | D:8      | Noticed Maggie
  9982 | D:8      | Killed a two-headed ogre
  9983 | D:8      | Reached skill level 5 in Dodging
 10211 | D:8      | Killed Maggie
 10212 | D:8      | Reached skill level 6 in Dodging
 10578 | D:8      | Found a bloodstained altar of Trog.
 11219 | D:8      | Found a shadowy altar of Dithmenos.
 11219 | D:8      | Found a white marble altar of Elyvilon.
 11271 | D:9      | Reached skill level 7 in Dodging
 11320 | D:9      | Found a staircase to the Lair.
 11497 | D:9      | Found a transporter.
 11499 | D:9      | Found a transporter.
 11506 | D:9      | Noticed a two-headed ogre
 11515 | D:9      | Killed a two-headed ogre
 11516 | D:9      | Reached skill level 8 in Dodging
 11531 | D:9      | Found a bloodstained altar of Trog.
 11540 | D:9      | Noticed a moth of wrath
 11540 | D:9      | Noticed Athor's ghost (journeyman FoFi)
 11540 | D:9      | Noticed a tengu warrior
 11540 | D:9      | Noticed a two-headed ogre
 11542 | D:9      | Noticed a two-headed ogre
 11576 | D:9      | Reached XP level 11. HP: 108/117 MP: 11/15
 11680 | D:9      | Gained mutation: You cannot study or use magical devices.
                  | [Ru sacrifice]
 11680 | D:9      | Reached * piety under Ru
 11680 | D:9      | Reached ** piety under Ru
 11740 | D:9      | Reached skill level 5 in Transmutations
 12093 | D:9      | Found a shimmering altar of Xom.
 12260 | D:9      | Noticed a fire crab
 12553 | D:9      | Found a radiant altar of Vehumet.
 12560 | D:9      | Found a blossoming altar of Fedhas.
 12715 | D:9      | Found a staircase to the Lair.
 12745 | D:9      | Found a bloodstained altar of Trog.
 12747 | D:9      | Found a transporter.
 12753 | D:9      | Found a transporter.
 12851 | D:9      | Found a shimmering altar of Xom.
 12870 | D:9      | Killed a fire crab
 12871 | D:9      | Reached skill level 6 in Transmutations
 12981 | D:9      | Found a radiant altar of Vehumet.
 12981 | D:9      | Found a blossoming altar of Fedhas.
 13382 | D:10     | Entered Level 10 of the Dungeon
 13382 | D:10     | Found an opulent altar of Gozag.
 13651 | D:10     | Noticed a boulder beetle
 13665 | D:10     | Killed a boulder beetle
 13756 | D:10     | Found Rirghekk's Firing Range.
 13759 | D:10     | Noticed a centaur warrior
 13768 | D:10     | Killed a centaur warrior
 13769 | D:10     | Reached skill level 7 in Transmutations
 13995 | D:10     | Noticed a two-headed ogre
 14003 | D:10     | Killed a two-headed ogre
 14513 | D:10     | Noticed Lodul
 14515 | D:10     | Reached skill level 8 in Transmutations
 14541 | D:10     | Killed Lodul
 14558 | D:10     | Reached skill level 9 in Transmutations
 14616 | D:10     | Found a staircase to the Orcish Mines.
 15167 | D:11     | Noticed Nergalle
 15187 | D:11     | Killed Nergalle
 15273 | D:11     | Noticed a manticore
 15284 | D:11     | Killed a manticore
 15285 | D:11     | Reached skill level 10 in Transmutations
 15382 | D:11     | Reached XP level 12. HP: 126/126 MP: 12/16
 15776 | D:11     | Noticed Fannar
 15797 | D:11     | Killed Fannar
 15798 | D:11     | Reached skill level 11 in Fighting
 15934 | D:11     | Gained mutation: You are frail. (-10% HP) [Ru sacrifice]
 15934 | D:11     | Reached *** piety under Ru
 16099 | D:11     | Upgraded the game from 0.30-a0-672-gc3a7216ad8 to
                  | 0.30-a0-721-ga6a225cb13
 16251 | D:11     | Learned a level 4 spell: Ice Form
 16652 | Lair:1   | Entered Level 1 of the Lair of Beasts
 16752 | Lair:1   | Reached skill level 1 in Ice Magic
 17068 | Lair:1   | Reached skill level 2 in Ice Magic
 17733 | Lair:1   | Reached skill level 11 in Unarmed Combat
 17763 | Lair:1   | Identified 2 scrolls of acquirement
 17764 | Lair:1   | Acquired 1058 gold pieces
 17766 | Lair:1   | Acquired a book of Iron
 17774 | Lair:1   | Learned a level 5 spell: Blade Hands
 18174 | Lair:2   | Reached skill level 12 in Fighting
 18174 | Lair:2   | HP: 5/118 [redback (7)]
 18175 | Lair:2   | Succumbed to a redback's poison

Vanquished Creatures
  Fannar (D:11)
  A boulder beetle (D:10)
  A centaur warrior (D:10)
  4 two-headed ogres
  Nergalle (D:11)
  A fire crab (D:9)
  Lodul (D:10)
  Pikel (D:7)
  2 cyclopes (D:11)
  An ugly thing (D:11)
  2 manticores (D:11)
  A gargoyle (D:11)
  A torpor snail (Lair:1)
  Maggie (D:8)
  2 komodo dragons (Lair:1)
  A kobold demonologist (D:11)
  A troll (D:9)
  A hornet (Lair:1)
  3 wraiths
  A shadow (D:11)
  2 wyverns
  A culicivora (Lair:2)
  3 yaks (D:11)
  A redback (Lair:2)
  Edmund (D:4)
  An acid dragon (D:11)
  Menkaure (D:4)
  6 water moccasins
  5 orc warriors
  A swamp drake (D:10)
  2 ice beasts (D:6)
  4 black bears
  3 sky beasts
  5 wolves (Lair:1)
  8 ogres (D:10)
  3 centaurs
  3 kobold brigands
  5 bullfrogs
  A necrophage (D:4)
  3 gnoll sergeants
  2 scorpions
  12 wights
  5 killer bees (D:8)
  2 electric eels (Lair:1)
  A howler monkey (D:10)
  3 hounds
  6 orc priests
  Crazy Yiuf (D:3)
  4 iguanas
  Ijyb (D:4)
  A gnoll bouda (D:9)
  Natasha (thrice) (D:2)
  10 orc wizards
  8 adders
  18 gnolls
  A shadow imp (D:7)
  A white imp (D:7)
  An ufetubus (D:5)
  4 adder zombies (Ossuary)
  2 worms
  4 dart slugs
  42 orcs
  4 endoplasms
  3 giant cockroaches
  3 goblins (D:1)
  10 hobgoblins
  7 jackals (D:1)
  13 kobolds
  2 quokkas
  3 training dummies (D:10)
  8 ball pythons
  4 bats
  7 frilled lizards
  A kobold zombie (Ossuary)
  An orc zombie (Ossuary)
  9 rats
294 creatures vanquished.
